amy, neutral female human Ranger ------ ------ --------- --..... +.....# #-.[[[[[[| |...).| |....|# #|[)[[[[.| ------------ ##-.....|# ..(..|# #|.[)[[[.| |...........########|....<@# |....|# #|.).[[[[| |..........| ####--..*u|# ----.-### #--------- |........... # ##------### # # #### -------|---- ############` # ### ### # # # ### # # # # # # ### ### # ### # ### # # # # # # ############%###%### # ## # ####---|------ # # --|-----# ##|........| ### -----# |.*....-# ##.....(...| # |...|# |...>..| #|........| ##....-# |....... |........| |...| -------- ---------- ----- amy the Trailblazer Experience level: 7 Strength: 16 Dexterity: 13 Constitution: 14 Intelligence: 13 Wisdom: 13 Charisma: 12 Health: 0(51) Energy: 31(31) Def: 13 Gold: 172 Moves: 5593 Dungeon seed: 1XBBCvbENi5JhiMI Game ID: amy_1466645459 Your Inventory: Coins $ - 172 gold pieces Weapons a - a blessed +2 bow (weapon in hand) c - 52 blessed +2 arrows (in quiver) d - 27 blessed +0 arrows f - 2 blessed poisoned +0 orcish arrows t - an uncursed +1 dagger u - 120 uncursed +0 arrows x - 8 uncursed +5 arrows C - 18 uncursed +1 arrows T - 3 blessed poisoned +0 orcish arrows U - 2 blessed poisoned +0 orcish arrows Armor e - an uncursed +2 cloak of displacement (being worn) n - an uncursed +0 pair of water walking boots (being worn) q - a blessed +3 pair of leather gloves (being worn) r - an uncursed +0 ring mail (being worn) z - an uncursed +0 dwarvish iron helm (being worn) Comestibles o - 2 uncursed eggs v - an uncursed tripe ration w - an uncursed food ration H - an uncursed melon X - an uncursed lembas wafer Scrolls W - a blessed scroll of light Potions I - an uncursed potion of see invisible J - an uncursed potion of monster detection L - an uncursed potion of healing M - a blessed potion of extra healing Rings D - a blessed +1 ring of increase accuracy (on left hand) E - a cursed ring of aggravate monster F - a cursed ring of protection from shape changers named cursed Wands g - an uncursed wand of slow monster (0:2) i - an uncursed wand of cold (0:6) p - an uncursed wand of enlightenment (0:12) s - an uncursed wand of striking (0:3) A - an uncursed wand of magic missile (0:4) G - an uncursed wand of make invisible (0:6) N - an uncursed wand of make invisible (0:3) Tools b - an uncursed bag of holding k - an uncursed skeleton key l - a cursed magic lamp m - an uncursed magic whistle R - 12 uncursed tallow candles (0:200) Y - 3 blessed tallow candles (0:200) Gems y - an uncursed chrysoberyl stone Contents of the bag of holding: a cursed scroll of confuse monster a blessed scroll of create monster a blessed scroll of identify an uncursed scroll of stinking cloud an uncursed potion of booze an uncursed potion of confusion an uncursed potion of fruit juice an uncursed potion of gain energy an uncursed potion of healing a cursed potion of healing an uncursed potion of invisibility a cursed potion of oil Spells and supernatural/magical abilities: Name Level Category Fail Memory W - pray for help -- divine ? -- Your skills at the end: Miscellaneous Skills wands [Basic] Weapon Skills dagger [Basic] bow [Skilled] Spellcasting Skills Final Attributes: You were devoutly aligned. You were telepathic. You had automatic searching. You were displaced. You were stealthy. You could walk on water. You had a +1 bonus to hit. You are dead. Vanquished creatures: a giant mimic 2 small mimics 2 gnome kings a brown pudding a gold golem a raven 3 human zombies 4 soldier ants 9 Mordor orcs 4 Uruk-hai a rock piercer a pony 2 fog clouds a violet fungus 5 gnome lords 3 gnomish wizards a red naga hatchling a gray ooze a little dog 2 floating eyes 6 dwarves an iguana a centipede a monkey an orc zombie 2 killer bees 4 coyotes 2 hobbits 2 geckos 3 hobgoblins 2 cave spiders a yellow mold a green mold 18 gnomes 5 jackals 2 foxes a kobold 3 newts 7 sewer rats 2 grid bugs 4 lichens a kobold zombie 116 creatures vanquished. Voluntary challenges: You had been an atheist until turn 1835. You used a wielded weapon 32 times, starting on turn 205. You did not apply a unicorn horn. You read items or engraved 5 times, starting on turn 108. You never genocided any monsters. You never polymorphed an object. You never changed form. You used no wishes. You never split a pudding. You never wrote Elbereth's name. You never violated your personal moral code. Dungeon overview: The Dungeons of Doom: levels 1 to 7 Level 1 some fountains a long staircase Level 2 a general store, some fountains Level 3 an armor shop Level 4 an altar to Mercury stairs to The Gnomish Mines Level 5 a delicatessen, an altar to Venus Level 6 Level 7 <- You were here an armor shop The Gnomish Mines: levels 5 to 8 Level 5 stairs to The Dungeons of Doom Level 6 Level 7 many shops, a temple to Mercury, a magic chest, some fountains Level 8 History has recorded: On T:1 you entered the Dungeons of Doom to retrieve the Amulet of Yendor! On T:358 you reached level 2 of The Dungeons of Doom. On T:793 you reached level 3 of The Dungeons of Doom. On T:896 you advanced to experience level 2. On T:1145 you reached level 4 of The Dungeons of Doom. On T:1226 you reached level 1 of The Gnomish Mines. On T:1240 you advanced to experience level 3. On T:1258 you advanced to experience level 4. On T:1396 you advanced to experience level 5. On T:1476 you reached level 2 of The Gnomish Mines. On T:1634 you reached level 3 of The Gnomish Mines. On T:1818 you entered the Minetown temple On T:1820 you advanced to experience level 6. On T:2043 you opened a magic chest. On T:2314 you opened a magic chest. On T:2402 you opened a magic chest. On T:2403 you opened a magic chest. On T:2512 you reached level 4 of The Gnomish Mines. On T:2598 you advanced to experience level 7. On T:3713 you reached level 5 of The Dungeons of Doom. On T:4031 you reached level 6 of The Dungeons of Doom. On T:5157 you reached level 7 of The Dungeons of Doom. Score breakdown: Gold: 172 ( 17 points) Experience: 7 levels ( 600 points) Exploration: 8 levels ( 210 points) Discoveries: 16 items ( 800 points) Variety of kills: 42 monsters ( 2000 points) Major goal: reached Minetown ( 500 points) Survival: died (score multiplied by 3) Total score: 12381 Latest messages: There are a few objects here. You have a little trouble lifting c - 2 blessed +2 arrows (in quiver). You see here a blessed +2 arrow. You have a little trouble lifting c - a blessed +2 arrow (in quiver). You hit the monkey. The monkey misses. The monkey bites! The arrow hits the monkey! The monkey misses. The monkey bites! You shoot 3 arrows. The 1st arrow hits something! You kill the monkey! The 2nd arrow hits it. You kill it! You see here 2 blessed +2 arrows. You have a little trouble lifting c - 2 blessed +2 arrows (in quiver). You see here a blessed +2 arrow. You have a little trouble lifting c - a blessed +2 arrow (in quiver). The black unicorn butts! The black unicorn misses. The black unicorn butts! The black unicorn kicks! You die... Final status: Goodbye amy the Ranger, killed by a black unicorn... You died in The Dungeons of Doom on dungeon level 7 with 12381 points, and 172 pieces of gold, after 5593 moves. You were level 7 with a maximum of 51 hit points when you died.